 Dungeon Crawl Stone Soup version 0.32-a0-928-g1cae6b7ea0 (webtiles) character file.

Game seed: 10869342407435263286

221 RockinRobin the Covered (level 5, -2/47 HPs)
             Began as a Mountain Dwarf Fighter on Apr 12, 2024.
             Slain by Edmund
             ... wielding a +2 flail of protection
              (4 damage)
             ... on level 4 of the Dungeon.
             The game lasted 00:05:23 (2465 turns).

RockinRobin the Covered (Mountain Dwarf Fighter)    Turns: 2465, Time: 00:05:24

Health: -2/47      AC: 14    Str: 26 (27) XL:     5   Next: 65%
Magic:  5/5        EV: 11    Int:  7 (8)  God:
Gold:   228        SH:  4    Dex:  7 (9)  Spells: 4/4 levels left

rFire   . . .        a - +0 war axe
rCold   . . .        c - +0 buckler
rNeg    . . .        q - +0 plate armour
rPois   .            n - +0 helmet
rElec   .            (no cloak)
rCorr   .            (no gloves)
SInv    .            g - +0 pair of boots
Will    +....        (no amulet) Stlth
                     i - +5 ring of evasion
HPRegen 0.27/turn    l - +6 ring of strength
MPRegen 0.09/turn

%: no passive effects
@: brilliant, enlightened, flying, hasted, very quick
A: runic magic, artefact enchanting
a: no special abilities


You were on level 4 of the Dungeon.
You visited 1 branch of the dungeon, and saw 4 of its levels.

You collected 228 gold pieces.

Inventory:

Hand Weapons
 a - a +0 war axe (weapon)
Armour
 b - a +0 scale mail
 c - a +0 buckler (worn)
 g - a +0 pair of boots (worn)
 n - a +0 helmet (worn)
 q - a +0 plate armour (worn)
Jewellery
 e - a ring of magical power
 i - a +5 ring of evasion (left hand)
 l - a +6 ring of strength (right hand)
Scrolls
 m - 2 scrolls of blinking
 r - a scroll of torment
Potions
 d - a potion of might
 j - a potion of brilliance
 k - 2 potions of invisibility


   Skills:
 + Level 4.5 Fighting
 + Level 4.1 Axes
 + Level 4.5 Armour
 + Level 4.4 Shields


You had 4 spell levels left.
You didn't know any spells.
Your spell library was empty.

Dungeon Overview and Level Annotations

Branches:
Dungeon (4/15)
 Temple: D:4-7

Altars:

Annotations:
D:4 Edmund


Innate Abilities, Weirdness & Mutations

Your spellcasting is much less encumbered by armour.
You can use scrolls of enchantment on lesser artefacts.


Message History

Unknown command.
It was a potion of curing.
You feel better.
The scorpion stings you but does no damage.
Edmund hits you but does no damage.
Okay, then.
It was a potion of enlightenment.
You feel very buoyant.
You fly up into the air.
The scorpion stings you but does no damage.
Edmund closely misses you.
The scorpion stings you but does no damage.
It was a potion of haste.
You feel yourself speed up. Edmund misses you. You block the scorpion's attack.
Okay, then.
You hit the scorpion but do no damage.
The scorpion is severely wounded.
You hit Edmund but do no damage. You block Edmund's attack.
An endoplasm comes into view.
The scorpion barely misses you.
The endoplasm quivers.
You hit the scorpion.
The scorpion is almost dead.
You closely miss Edmund. Edmund barely misses you.
The scorpion stings you but does no damage.
You hit the scorpion but do no damage.
The scorpion is almost dead.
You hit Edmund. Edmund barely misses you.
The scorpion stings you but does no damage.
You hit the scorpion.
The scorpion is almost dead.
You hit Edmund but do no damage.
The scorpion stings you but does no damage.
Edmund hits you with a +2 flail of protection.
* * * LOW HITPOINT WARNING * * *
You barely miss the scorpion.
The scorpion is almost dead.
You hit Edmund but do no damage. The scorpion closely misses you.
Edmund hits you with a +2 flail of protection.
You die...
Edmund says, "That'll show my brother!"

..B ..... .(..
#.... ....# ....
. ..... ...##.#
#.... .....
#....#### ...#
#.......##@..##..
#.....<.†@s..)...
#.......†..ß..#.#
.......$.#....##
............ß.#
...##.###...!J#
.. ## .......# .
.........
#..#...!..


You could see Edmund, a scorpion and an endoplasm.

Vanquished Creatures
  A scorpion (D:4)
  An iguana (D:2)
  5 gnolls
  3 adders
  2 ribbon worms (D:2)
  2 orcs (D:3)
  7 bats
  7 endoplasms
  4 giant cockroaches
  3 goblins
  5 hobgoblins
  3 jackals (D:3)
  2 kobolds
  A quokka (D:1)
  2 ball pythons (D:2)
  2 frilled lizards
  8 rats
58 creatures vanquished.

Notes
Turn   | Place    | Note
-------+----------+-------------------------------------------
     0 | D:1      | RockinRobin the Mountain Dwarf Fighter began the quest for
                  | the Orb.
     0 | D:1      | Reached XP level 1. HP: 19/19 MP: 1/1
    68 | D:1      | Reached XP level 2. HP: 12/26 MP: 2/2
   502 | D:1      | Reached XP level 3. HP: 29/33 MP: 3/3
   840 | D:2      | Reached XP level 4. HP: 35/40 MP: 4/4
  1082 | D:2      | Found a faded altar of an unknown god.
  1231 | D:2      | Reached XP level 5. HP: 46/46 MP: 5/5
  2444 | D:4      | Noticed Edmund
  2457 | D:4      | HP: 1/47 [Edmund/+2 flail of protection (11)]
  2464 | D:4      | HP: 1/47 [Edmund/+2 flail of protection (6)]
  2465 | D:4      | Slain by Edmund

Illustrated notes

Levels and vault maps discovered:
D:1:      amcnicky_arrival_flooded_fountain, layout_basic, st_stairs_10,
          hangedman_decor_lopped
D:2:      layout_loops_ring, shapermc_ecumenical_altar_mp_highgroup
D:3:      layout_basic, minmay_misc_feat_nine_boxes
D:4:      layout_cave_pools, xom_teletrap_fun, serial_column_ruins,
          column_ruins_hut, column_ruins_hut, column_ruins_open_small,
          column_ruins_grid_2, column_ruins_columns_straight,
          gup_ossuary_entry_pyramid, uniq_edmund, uniq_pikel

Skill      XL: |  1  2  3  4  5 |
---------------+----------------+-----
Axes           | 3 4 |  4.1
Armour         | 4 |  4.5
Fighting       | 4 |  4.5
Shields        | 4 |  4.4

Action                     |  1- 3 |  4- 6 || total
---------------------------+-------+-------++-------
  Melee: War axe           |    80 |   130 ||   210
    Use: Scroll            |     1 |     4 ||     5
         Potion            |       |     5 ||     5
 Armour: Scale mail        |    65 |    47 ||   112
         Plate armour      |       |    37 ||    37
  Dodge: Dodged            |    39 |    90 ||   129
  Block: Buckler           |    18 |    39 ||    57

Table legend: (Time is in decaauts)
 A = Elapsed time spent in this place.
 B = Non-inter-level travel time spent in this place.
 C = Inter-level travel time spent in this place.
 D = Time resting spent in this place.
 E = Time spent auto-exploring this place.
 F = Levels seen in this place.
 G = Mean time per level.
                   A        B        C        D        E       F      G
               +--------+--------+--------+--------+--------+-----+--------+
         Total |   2538 |   2483 |     55 |      0 |   1928 |   4 |  634.5 |
       Dungeon |   2538 |   2483 |     55 |      0 |   1928 |   4 |  634.5 |
               +--------+--------+--------+--------+--------+-----+--------+

Top non-repeatable levels by time:
     D:3: 910 daAuts
     D:2: 832 daAuts
     D:1: 760 daAuts
     D:4: 35 daAuts
